Map: Lockdown LE

Players

Red

  • Race: Terran Terran
  • League: Grandmaster
  • Spawn Location: 1:00

RipNHammer - Winner!

  • Race: Terran Terran
  • League: Master
  • Spawn Location: 7:00

VOD

Have the link to the VOD?

Description

Time

  • Played on: Sept. 7, 2026, 12:47 p.m.
  • Length: 10:33
Show
View Real Time Build Order
Export as new Build Order

Red Terran 

Build Orders:  

Get SALT Encoding   

  8  0:00  SCV  
  9  0:12  SCV  
  10  0:24  SCV  
  10  0:28  Supply Depot  
  11  0:37  SCV  
  12  0:49  SCV  
  13  0:55  Barracks  
  13  1:01  SCV  
  14  1:06  Refinery  
  14  1:14  SCV  
  15  1:21  Refinery  
  15  1:26  SCV  
  16  1:41  Orbital Command  
  16  1:46  Reaper  
  17  2:06  Factory  
  18  2:08  SCV  
  18  2:17  Supply Depot  
  18  2:20  SCV  
  19  2:23  Reaper  
  20  2:33  SCV  
  21  2:45  Command Center  
  23  2:51  Hellion  
  23  2:53  SCV  
  24  3:02  Barracks Tech Lab  
  24  3:05  SCV  
  25  3:12  Supply Depot  
  25  3:17  SCV  
  26  3:22  Starport  
  25  3:33  SCV  
  26  3:37  Cyclone  
  28  3:45  SCV  
  28  3:47  Barracks Tech Lab  
  29  3:49  Supply Depot  
  28  3:57  SCV  
  29  4:09  SCV  
  29  4:13  Cyclone  
  32  4:17  Banshee  
  32  4:21  SCV  
  36  4:27  Barracks Reactor  
  36  4:33  SCV  
  36  4:37  Orbital Command  
  37  4:42  Refinery  
  37  4:45  SCV  
  37  4:47  Siege Tank  
  41  4:54  Supply Depot  
  41  4:58  SCV  
  42  5:04  Marine x2  
  42  5:06  SCV  
  45  5:10  SCV  
  42  5:28  SCV  
  42  5:29  Raven  
  42  5:33  SCV  
  42  5:34  Supply Depot  
  42  5:35  Siege Tank  
  49  5:40  Marine x2  
  49  5:41  SCV  
  52  5:43  Supply Depot  
  52  5:45  SCV  
  53  5:57  Interference Matrix  
  53  5:58  SCV  
  55  6:04  SCV, Marine x2  
  55  6:07  Siege Tank  
  60  6:12  SCV  
  61  6:19  SCV  
  62  6:28  SCV  
  62  6:31  SCV  
  64  6:33  Command Center  
  64  6:34  Supply Depot  
  64  6:36  Raven  
  66  6:42  SCV  
  66  6:43  SCV  
  68  6:49  Refinery  
  68  6:51  Marine x2  
  68  6:52  Siege Tank  
  73  6:55  SCV  
  74  7:02  SCV  
  74  7:08  SCV  
  76  7:12  Marine  
  76  7:13  Marine  
  76  7:14  SCV, Raven  
  81  7:20  Barracks  
  81  7:21  Barracks  
  81  7:32  SCV  
  81  7:33  SCV  
  83  7:37  Marine x2  
  83  7:38  Siege Tank  
  83  7:42  Engineering Bay x2, Supply Depot  
  88  7:45  SCV x2  
  91  7:54  Supply Depot  
  91  7:55  Orbital Command  
  91  7:57  SCV x2  
  93  8:09  SCV, Terran Infantry Weapons Level 1, Terran Infantry Armor Level 1  
  90  8:12  Barracks Reactor  
  90  8:13  Barracks Reactor  
  90  8:16  SCV  
  90  8:17  Siege Tank  
  90  8:18  Viking  
  90  8:19  Viking  
  98  8:21  SCV  
  98  8:26  Refinery  
  99  8:27  Refinery  
  99  8:29  Marine  
  100  8:47  Marine  
  99  8:49  Marine x2  
  99  8:50  Marine x2  
  103  8:58  Armory, Barracks  
  103  8:59  Barracks  
  103  9:02  SCV x3  
  106  9:05  Marine  
  106  9:07  Marine x2  
  106  9:08  Supply Depot  
  109  9:11  Command Center, Supply Depot  
  109  9:12  Viking  
  109  9:13  Viking  
  109  9:14  SCV x3  
  116  9:21  Siege Tank  
  119  9:29  Marine x4  
  119  9:30  SCV x3  
  126  9:34  Missile Turret  
  126  9:36  Missile Turret  
  126  9:37  Marine  
  126  9:38  Missile Turret  
  127  9:42  SCV  
  127  9:44  Viking x2  
  132  9:47  Marine x3  
  135  9:56  Barracks Tech Lab x2  
  135  10:12  Command Center  
Show
View Real Time Build Order
Export as new Build Order

RipNHammer Terran - Winner!

Build Orders: Mech 

Get SALT Encoding   

  8  0:00  SCV  
  9  0:12  SCV  
  10  0:24  SCV  
  11  0:37  SCV  
  11  0:39  Supply Depot  
  12  0:49  SCV  
  13  1:01  SCV  
  13  1:02  Barracks  
  14  1:08  Refinery  
  14  1:13  SCV  
  14  1:16  Refinery  
  15  1:25  SCV  
  16  1:37  SCV  
  17  1:50  Reaper, Orbital Command  
  18  2:09  Factory  
  18  2:16  SCV  
  19  2:23  Reaper  
  19  2:26  Supply Depot  
  19  2:29  SCV  
  21  2:48  SCV  
  21  2:50  Command Center  
  22  2:59  Hellion  
  22  3:00  SCV  
  25  3:10  Starport  
  26  3:12  SCV  
  26  3:17  Supply Depot  
  26  3:26  Factory Tech Lab  
  26  3:31  Marine  
  26  3:33  SCV  
  28  3:45  SCV, Cyclone  
  28  3:47  Starport Tech Lab  
  32  3:51  Marine  
  33  4:01  SCV  
  33  4:09  Orbital Command  
  33  4:12  Raven  
  33  4:13  Interference Matrix  
  33  4:14  SCV  
  35  4:17  Refinery  
  35  4:18  Barracks Reactor  
  35  4:26  SCV  
  35  4:28  Refinery  
  36  4:35  SCV  
  37  4:38  SCV  
  37  4:39  Siege Tank  
  41  4:47  SCV  
  41  4:50  SCV  
  43  4:54  Marine x2  
  43  4:56  Raven  
  47  5:02  SCV x2  
  47  5:06  Supply Depot  
  45  5:27  SCV  
  44  5:29  SCV  
  44  5:31  Marine x2  
  47  5:39  SCV  
  47  5:41  SCV  
  47  5:42  Siege Tank  
  52  5:43  Raven  
  52  5:45  Command Center, Supply Depot  
  53  5:51  SCV  
  53  5:53  SCV  
  54  6:04  SCV  
  55  6:10  SCV  
  57  6:16  SCV  
  57  6:25  Factory  
  57  6:26  Mag-Field Accelerator  
  57  6:27  SCV  
  57  6:28  SCV  
  57  6:31  Cyclone  
  62  6:37  Viking  
  62  6:39  SCV  
  65  6:40  SCV  
  65  6:46  Supply Depot  
  65  6:47  Viking  
  66  6:54  SCV  
  66  7:00  SCV  
  67  7:06  SCV, Siege Tank  
  71  7:11  Viking  
  71  7:12  SCV  
  71  7:13  Supply Depot  
  71  7:14  Orbital Command  
  74  7:18  Siege Tank  
  74  7:22  SCV, Factory  
  78  7:27  SCV  
  79  7:32  Viking  
  79  7:34  SCV  
  79  7:36  Supply Depot  
  82  7:39  SCV  
  76  7:46  SCV  
  76  7:50  Viking  
  79  7:51  SCV  
  79  7:54  SCV  
  79  7:57  Siege Tank  
  79  7:58  SCV  
  85  8:02  Viking  
  85  8:03  SCV  
  83  8:08  SCV  
  83  8:10  SCV  
  85  8:14  Cyclone  
  85  8:15  Factory Tech Lab  
  85  8:16  SCV  
  89  8:20  SCV  
  89  8:21  Viking  
  89  8:22  SCV  
  89  8:23  Starport  
  93  8:28  SCV  
  94  8:37  Viking  
  95  8:50  Siege Tank, Cyclone  
  95  8:54  Barracks Reactor  
  95  8:55  SCV  
  102  8:56  Armory  
  102  8:57  Factory  
  102  8:59  Starport Tech Lab  
  102  9:03  Supply Depot x2  
  102  9:04  Supply Depot  
  102  9:07  Viking  
  104  9:14  SCV x2  
  106  9:19  Raven  
  106  9:20  SCV  
  109  9:25  Hellion x2  
  109  9:26  Hellion  
  115  9:35  Engineering Bay  
  115  9:40  Viking x2  
  119  9:47  Hellion  
  119  9:52  Hellion x2  
  125  9:53  Cyclone  
  125  9:54  Hellion  
Tags
 
Composition
Mech
Matchup
TvT
Race
Terran
Replay Pack
RipNHammer
Spawn Locations
Cross Positions
Add a new tag
Caveats
  • Supply blocks, unpowered buildings, or Contaminate may cause inaccurate times.
  • Supply counts are checked every 10 seconds.